| TOP OF THE 1ST |
|
Portland Sea Dogs batting - Pitching for Montgomery Biscuits : LHP Dave Lindsay
|
|
Pitching: LHP Dave Lindsay
|
|
|
Batting: RHB Nate Dickinson
|
0-0: Ball 1-0: Ball 2-0: Foul Ball, location: 2F 2-1: Called Strike 2-2: Ground out 6-3 (Groundball, 6, EV 106.2 MPH)
|
|
Batting: LHB Brent Albertson
|
0-0: Called Strike 0-1: Foul Ball, location: 2F 0-2: Foul Ball, location: 2F 0-2: Ball 1-2: Ball 2-2: Strikes out swinging
|
|
Batting: RHB Carlos Nolasco
|
0-0: Called Strike 0-1: Swinging Strike 0-2: Ball 1-2: Strikes out swinging
|
| Top of the 1st over - 0 runs, 0 hits, 0 errors, 0 left on base; Portland 0 - Montgomery 0 |
| BOTTOM OF THE 1ST |
|
Montgomery Biscuits batting - Pitching for Portland Sea Dogs : LHP John Hotham
|
|
Pitching: LHP John Hotham
|
|
|
Batting: LHB Austin Ohmer
|
0-0: Ball 1-0: Ball 2-0: Ball 3-0: Base on Balls
|
|
Batting: RHB Steve French
|
0-0: Called Strike Austin Ohmer steals 2nd base (no throw) 0-1: Ball 1-1: Foul Ball, location: 2F 1-2: Ball 2-2: Ball 3-2: Ground out 4-3 (Groundball, 4S, EV 88.8 MPH) Austin Ohmer to third
|
|
Batting: RHB Wing-kit Bu
|
0-0: Ball 1-0: Called Strike 1-1: Foul Ball, location: 2F 1-2: Fly out, F7 (Flyball, 7S, EV 84.4 MPH)
|
|
Batting: SHB Willie Koviak
|
0-0: SINGLE (Flyball, 34D, EV 95.6 MPH) Austin Ohmer scores
|
|
Batting: RHB Devin Brown
|
0-0: Ball 1-0: Swinging Strike 1-1: Called Strike 1-2: Ground out U3 (Groundball, 13, EV 82.5 MPH)
|
| Bottom of the 1st over - 1 run, 1 hit, 0 errors, 1 left on base; Portland 0 - Montgomery 1 |
| TOP OF THE 2ND |
|
Portland Sea Dogs batting - Pitching for Montgomery Biscuits : LHP Dave Lindsay
|
|
Batting: RHB Chris Carlin
|
0-0: Called Strike 0-1: Called Strike 0-2: Ball 1-2: Ground out 5-3 (Groundball, 56, EV 93.8 MPH)
|
|
Batting: LHB John Bailey
|
0-0: Foul Ball, location: 2F 0-1: Ball 1-1: Ball 2-1: Foul Ball, location: 2F 2-2: SINGLE (Groundball, 56D, EV 96.9 MPH)
|
|
Batting: RHB Pat Bulger
|
0-0: Ball 1-0: Ball 2-0: Ball Wild Pitch! John Bailey to second 3-0: Called Strike 3-1: Called Strike 3-2: Base on Balls
|
|
Batting: LHB Julian Toney
|
0-0: Called Strike 0-1: Ball 1-1: Foul Ball, location: 2F 1-2: Ball 2-2: Strikes out swinging
|
|
Batting: RHB Joe Evrard
|
0-0: Ball 1-0: Swinging Strike 1-1: Foul Ball, location: 2F 1-2: Fielders Choice at 2nd, 6-4 (Groundball, 6, EV 88.1 MPH)
|
| Top of the 2nd over - 0 runs, 1 hit, 0 errors, 2 left on base; Portland 0 - Montgomery 1 |
| BOTTOM OF THE 2ND |
|
Montgomery Biscuits batting - Pitching for Portland Sea Dogs : LHP John Hotham
|
|
Batting: SHB Brett McEwen
|
0-0: Ball 1-0: Foul Ball, location: 2F 1-1: Foul Ball, location: 2F 1-2: Foul Ball, location: 2F 1-2: Ball 2-2: Foul Ball, location: 2F 2-2: Ground out 4-3 (Groundball, 4, EV 93.8 MPH)
|
|
Batting: LHB Kevin Kantor
|
0-0: Ball 1-0: Fly out, F9 (Flyball, 89M, EV 96.9 MPH)
|
|
Batting: LHB Davion Lewis
|
0-0: Called Strike 0-1: Swinging Strike 0-2: Ball 1-2: Foul Ball, location: 2F 1-2: Ball 2-2: Fly out, F5 (Flyball, 56D, EV 90.0 MPH)
|
| Bottom of the 2nd over - 0 runs, 0 hits, 0 errors, 0 left on base; Portland 0 - Montgomery 1 |
| TOP OF THE 3RD |
|
Portland Sea Dogs batting - Pitching for Montgomery Biscuits : LHP Dave Lindsay
|
|
Batting: LHB Dave Reyes
|
0-0: Ball 1-0: Ground out U3 (Groundball, 13, EV 87.5 MPH)
|
|
Batting: RHB Nate Dickinson
|
0-0: Ball 1-0: Foul Ball, location: 2F 1-1: Ground out 6-3 (Groundball, 6, EV 78.8 MPH)
|
|
Batting: LHB Brent Albertson
|
0-0: Ground out 4-3 (Groundball, 34, EV 91.9 MPH)
|
| Top of the 3rd over - 0 runs, 0 hits, 0 errors, 0 left on base; Portland 0 - Montgomery 1 |
| BOTTOM OF THE 3RD |
|
Montgomery Biscuits batting - Pitching for Portland Sea Dogs : LHP John Hotham
|
|
Batting: LHB David Seminario
|
0-0: Ball 1-0: Ball 2-0: Called Strike 2-1: Foul Ball, location: 2F 2-2: SINGLE (Line Drive, 56D, EV 96.2 MPH)
|
|
Batting: LHB Austin Ohmer
|
0-0: Fly out, F8 (Line Drive, 8RS, EV 104.4 MPH)
|
|
Batting: RHB Steve French
|
0-0: Fly out, F7 (Flyball, 7D, EV 91.9 MPH)
|
|
Batting: RHB Wing-kit Bu
|
0-0: Ground out 3-1 (Groundball, 34S, EV 83.1 MPH)
|
| Bottom of the 3rd over - 0 runs, 1 hit, 0 errors, 1 left on base; Portland 0 - Montgomery 1 |
| TOP OF THE 4TH |
|
Portland Sea Dogs batting - Pitching for Montgomery Biscuits : LHP Dave Lindsay
|
|
Batting: RHB Carlos Nolasco
|
0-0: Ball 1-0: Foul Ball, location: 2F 1-1: Fly out, F8 (Flyball, 89M, EV 86.2 MPH)
|
|
Batting: RHB Chris Carlin
|
0-0: Called Strike 0-1: Ground out 5-3 (Groundball, 5, EV 107.5 MPH)
|
|
Batting: LHB John Bailey
|
0-0: Ball 1-0: Fly out, F8 (Flyball, 8LD, EV 97.5 MPH)
|
| Top of the 4th over - 0 runs, 0 hits, 0 errors, 0 left on base; Portland 0 - Montgomery 1 |
| BOTTOM OF THE 4TH |
|
Montgomery Biscuits batting - Pitching for Portland Sea Dogs : LHP John Hotham
|
|
Batting: SHB Willie Koviak
|
0-0: Ball 1-0: Swinging Strike 1-1: Ball 2-1: Foul Ball, location: 2F 2-2: Strikes out swinging
|
|
Batting: RHB Devin Brown
|
0-0: Ball 1-0: Ball 2-0: Called Strike 2-1: DOUBLE (Line Drive, 9LD, EV 108.1 MPH)
|
|
Batting: SHB Brett McEwen
|
0-0: Called Strike 0-1: Ball 1-1: Called Strike 1-2: Ground out 6-3 (Groundball, 6S, EV 85.0 MPH)
|
|
Batting: LHB Kevin Kantor
|
0-0: Foul Ball, location: 2F 0-1: Swinging Strike 0-2: Ball 1-2: Ground out 4-3 (Groundball, 4, EV 78.8 MPH)
|
| Bottom of the 4th over - 0 runs, 1 hit, 0 errors, 1 left on base; Portland 0 - Montgomery 1 |
| TOP OF THE 5TH |
|
Portland Sea Dogs batting - Pitching for Montgomery Biscuits : LHP Dave Lindsay
|
|
Batting: RHB Pat Bulger
|
0-0: Foul Ball, location: 2F 0-1: Ball 1-1: Called Strike 1-2: Ball 2-2: Foul Ball, location: 2F 2-2: Ball 3-2: Foul Ball, location: 2F 3-2: Base on Balls
|
|
Batting: LHB Julian Toney
|
0-0: Ball 1-0: Foul Ball, location: 2F 1-1: Ball 2-1: Ball 3-1: Called Strike 3-2: Fly out, F7 (Flyball, 7S, EV 83.1 MPH)
|
|
Batting: RHB Joe Evrard
|
0-0: Ball 1-0: Grounds into double play, 6-4-3 (Groundball, 6, EV 86.2 MPH)
|
| Top of the 5th over - 0 runs, 0 hits, 0 errors, 0 left on base; Portland 0 - Montgomery 1 |
| BOTTOM OF THE 5TH |
|
Montgomery Biscuits batting - Pitching for Portland Sea Dogs : LHP John Hotham
|
|
Batting: LHB Davion Lewis
|
0-0: Swinging Strike 0-1: Called Strike 0-2: SOLO HOME RUN (Flyball, 9D, EV 96.2 MPH), Distance : 379 ft
|
|
Batting: LHB David Seminario
|
0-0: DOUBLE (Flyball, 78XD, EV 96.9 MPH)
|
|
Batting: LHB Austin Ohmer
|
0-0: Called Strike 0-1: Called Strike 0-2: Ball 1-2: Ball 2-2: Ball 3-2: Ground out U3 (Groundball, 34S, EV 86.9 MPH) David Seminario to third
|
|
Batting: RHB Steve French
|
0-0: Ball 1-0: Ball 2-0: Foul Ball, location: 2F 2-1: Ball 3-1: Base on Balls
|
|
Batting: RHB Wing-kit Bu
|
0-0: Ball 1-0: Foul Ball, location: 2F 1-1: Called Strike 1-2: Strikes out swinging
|
|
Batting: SHB Willie Koviak
|
0-0: 3-RUN HOME RUN (Flyball, 7D, EV 96.9 MPH), Distance : 361 ft
|
|
Pitching: RHP Toichi Komata
|
|
|
Batting: RHB Devin Brown
|
0-0: Called Strike 0-1: Fly out, F8 (Line Drive, 8RD, EV 107.5 MPH)
|
| Bottom of the 5th over - 4 runs, 3 hits, 0 errors, 0 left on base; Portland 0 - Montgomery 5 |
| TOP OF THE 6TH |
|
Portland Sea Dogs batting - Pitching for Montgomery Biscuits : LHP Dave Lindsay
|
|
Batting: LHB Dave Reyes
|
0-0: Called Strike 0-1: Ball 1-1: Fly out, F8 (Line Drive, 8LD, EV 94.4 MPH)
|
|
Batting: RHB Nate Dickinson
|
0-0: Ball 1-0: Foul Ball, location: 2F 1-1: Ball 2-1: Ball 3-1: Foul Ball, location: 2F 3-2: Foul Ball, location: 2F 3-2: Foul Ball, location: 2F 3-2: Foul Ball, location: 2F 3-2: Fly out, F4 (Flyball, 4D, EV 89.4 MPH)
|
|
Batting: LHB Brent Albertson
|
0-0: Ball 1-0: Called Strike 1-1: Called Strike 1-2: Foul Ball, location: 2F 1-2: Foul Ball, location: 2F 1-2: Fly out, F8 (Flyball, 78XD, EV 90.0 MPH)
|
| Top of the 6th over - 0 runs, 0 hits, 0 errors, 0 left on base; Portland 0 - Montgomery 5 |
| BOTTOM OF THE 6TH |
|
Montgomery Biscuits batting - Pitching for Portland Sea Dogs : RHP Toichi Komata
|
|
Batting: SHB Brett McEwen
|
0-0: Ball 1-0: Foul Ball, location: 2F 1-1: Foul Ball, location: 2F 1-2: Ground out 4-3 (Groundball, 34D, EV 103.8 MPH)
|
|
Batting: LHB Kevin Kantor
|
0-0: Fly out, F6 (Popup, 6, EV 73.1 MPH)
|
|
Batting: LHB Davion Lewis
|
0-0: Fly out, F7 (Flyball, 7, EV 86.9 MPH)
|
| Bottom of the 6th over - 0 runs, 0 hits, 0 errors, 0 left on base; Portland 0 - Montgomery 5 |
| TOP OF THE 7TH |
|
Portland Sea Dogs batting - Pitching for Montgomery Biscuits : LHP Dave Lindsay
|
|
Batting: RHB Carlos Nolasco
|
0-0: Foul Ball, location: 2F 0-1: Ball 1-1: Ball 2-1: Ball 3-1: Foul Ball, location: 2F 3-2: Base on Balls
|
|
Batting: RHB Chris Carlin
|
0-0: Ball 1-0: Fly out, F3 (Popup, 3S, EV 68.8 MPH)
|
|
Batting: LHB John Bailey
|
0-0: Foul Ball, location: 2F 0-1: Ball 1-1: Ball 2-1: Foul Ball, location: 2F 2-2: Strikes out swinging
|
|
Batting: RHB Pat Bulger
|
0-0: Called Strike 0-1: Swinging Strike 0-2: Ball 1-2: Fielders Choice at 2nd, 6-4 (Groundball, 6, EV 86.9 MPH)
|
| Top of the 7th over - 0 runs, 0 hits, 0 errors, 1 left on base; Portland 0 - Montgomery 5 |
| BOTTOM OF THE 7TH |
|
Montgomery Biscuits batting - Pitching for Portland Sea Dogs : RHP Toichi Komata
|
|
Batting: LHB David Seminario
|
0-0: Called Strike 0-1: Foul Ball, location: 2F 0-2: Ball 1-2: Ball 2-2: SINGLE (Line Drive, 6MD, EV 97.5 MPH)
|
|
Batting: LHB Austin Ohmer
|
0-0: Called Strike 0-1: Ball 1-1: Fielders Choice at 2nd, 5-4 (Groundball, 56S, EV 83.1 MPH)
|
|
Batting: RHB Steve French
|
0-0: Ball Austin Ohmer steals 2nd base 1-0: Ball 2-0: Foul Ball, location: 2F 2-1: Foul Ball, location: 2F 2-2: Ball 3-2: Ground out 6-3 (Groundball, 56, EV 101.2 MPH)
|
|
Batting: RHB Wing-kit Bu
|
0-0: Ball 1-0: Called Strike 1-1: Ball 2-1: Fly out, F7 (Flyball, 78M, EV 88.1 MPH)
|
| Bottom of the 7th over - 0 runs, 1 hit, 0 errors, 1 left on base; Portland 0 - Montgomery 5 |
| TOP OF THE 8TH |
|
Portland Sea Dogs batting - Pitching for Montgomery Biscuits : LHP Dave Lindsay
|
|
Batting: LHB Julian Toney
|
0-0: Ball 1-0: Ball 2-0: Foul Ball, location: 2F 2-1: Foul Ball, location: 2F 2-2: Ball 3-2: Fly out, F7 (Flyball, 78M, EV 88.8 MPH)
|
|
Pitching: RHP Dumadi Kawilarang
|
|
|
Batting: RHB Joe Evrard
|
0-0: Called Strike 0-1: Ground out 4-3 (Groundball, 4, EV 96.9 MPH)
|
|
Batting: LHB Dave Reyes
|
0-0: SINGLE (Groundball, 34D, EV 105.6 MPH)
|
|
Batting: RHB Nate Dickinson
|
0-0: Swinging Strike 0-1: Ball 1-1: Swinging Strike 1-2: Ball 2-2: Strikes out swinging
|
| Top of the 8th over - 0 runs, 1 hit, 0 errors, 1 left on base; Portland 0 - Montgomery 5 |
| BOTTOM OF THE 8TH |
|
Montgomery Biscuits batting - Pitching for Portland Sea Dogs : RHP Toichi Komata
|
|
Batting: SHB Willie Koviak
|
0-0: SOLO HOME RUN (Flyball, 9LD, EV 95.6 MPH), Distance : 357 ft
|
|
Batting: RHB Devin Brown
|
0-0: Ground out 6-3 (Groundball, 6, EV 92.5 MPH)
|
|
Batting: SHB Brett McEwen
|
0-0: Called Strike 0-1: Ball 1-1: Foul Ball, location: 2F 1-2: Ball 2-2: Foul Ball, location: 2F 2-2: Fly out, F6 (Popup, 6D, EV 68.8 MPH)
|
|
Batting: LHB Kevin Kantor
|
0-0: SINGLE (Groundball, 4MD, EV 97.5 MPH)
|
|
Batting: LHB Davion Lewis
|
0-0: Called Strike 0-1: Called Strike 0-2: SINGLE (Flyball, 5D, EV 91.9 MPH) Kevin Kantor to second Kevin Kantor to third
|
|
Batting: LHB David Seminario
|
0-0: Ball 1-0: Called Strike 1-1: Ball 2-1: Foul Ball, location: 2F 2-2: Foul Ball, location: 2F 2-2: Ball 3-2: Foul Ball, location: 2F 3-2: Fly out, F8 (Flyball, 8RD, EV 89.4 MPH)
|
| Bottom of the 8th over - 1 run, 3 hits, 0 errors, 2 left on base; Portland 0 - Montgomery 6 |
| TOP OF THE 9TH |
|
Portland Sea Dogs batting - Pitching for Montgomery Biscuits : RHP Dumadi Kawilarang
|
|
Batting: LHB Brent Albertson
|
0-0: Called Strike 0-1: Ball 1-1: Ground out 4-3 (Groundball, 4, EV 83.1 MPH)
|
|
Batting: RHB Carlos Nolasco
|
0-0: Ground out 1-3 (Groundball, 15S, EV 71.9 MPH)
|
|
Batting: RHB Chris Carlin
|
0-0: Foul Ball, location: 2F 0-1: Ground out 6-3 (Groundball, 6, EV 104.4 MPH)
|
| Top of the 9th over - 0 runs, 0 hits, 0 errors, 0 left on base; Portland 0 - Montgomery 6 |
|